 Dungeon Crawl Stone Soup version 0.31-a0-232-gb1c03b2570 (webtiles) character file.

Game seed: 11426108039376248190

65 qw the Shooter (level 3, 0/29 HPs)
             Began as a Minotaur Hexslinger on July 6, 2023.
             Succumbed to Sigmund's poison
             ... on level 2 of the Dungeon.
             The game lasted 00:00:25 (965 turns).

qw the Shooter (Minotaur Hexslinger)                 Turns: 965, Time: 00:00:26

Health: 0/29       AC:  2    Str: 12    XL:     3   Next: 94%
Magic:  3/3        EV: 12    Int: 10    God:
Gold:   64         SH:  0    Dex: 14    Spells: 3/4 levels left

rFire   . . .        Y - +1 sling (flame)
rCold   . . .        (no shield)
rNeg    . . .        c - +0 robe
rPois   .            (helmet restricted)
rElec   .            (no cloak)
rCorr   .            (no gloves)
SInv    .            (no boots)
Will    .....        (no amulet)
Stlth   +            (no ring)
HPRegen 0.24/turn    (no ring)
MPRegen 0.08/turn

%: no passive effects
@: lethally poisoned (0 -> -14), about to teleport
A: horns 2, retaliatory headbutt
a: no special abilities


You were on level 2 of the Dungeon.
You visited 1 branch of the dungeon, and saw 2 of its levels.

You collected 64 gold pieces.


Innate Abilities, Weirdness & Mutations

You have a pair of horns on your head.
You reflexively headbutt those who attack you in melee.


   Skills:
 - Level 2.0 Fighting
 + Level 4.5 Ranged Weapons
 - Level 2.1 Dodging
 - Level 1.0 Spellcasting
 - Level 2.0 Hexes


You had 3 spell levels left.
You knew the following spells:

 Your Spells              Type           Power      Damage    Failure   Level
a - Slow                  Hex            16%        N/A       16%         1

Your spell library contained the following spells:

 Spells                   Type           Power      Damage    Failure   Level
 Inner Flame              Hex/Fire       2%         N/A       56%         3
 Portal Projectile        Hex/Tloc       4%         N/A       56%         3
 Cause Fear               Hex            2%         N/A       83%         4

Inventory:

Hand Weapons
 Y - a +1 sling of flaming (weapon)
Armour
 c - a +0 robe (worn)
Scrolls
 f - a scroll of fog {unknown}
Potions
 b - a potion of heal wounds {unknown}
 d - a potion of mutation {unknown}
 e - a potion of haste
 g - a potion of cancellation {unknown}

Dungeon Overview and Level Annotations

Branches:
Dungeon (2/15)

Altars:

Shops:
D:2 :*

Annotations:
D:2 Sigmund


Message History

The sling bullet barely misses the quokka.
The quokka closely misses you.
You shoot a sling bullet.
The sling bullet closely misses the quokka.
The quokka misses you. You furiously retaliate!
You headbutt the quokka!
You kill the quokka!
You start resting.
HP restored.
You see here a quokka corpse.
Sigmund the Dreaded comes into view.
He is wielding a +1 scythe of venom.
Sigmund shouts!
You see here 4 gold pieces.
Enter note: You shoot a sling bullet.
The sling bullet closely misses Sigmund.
You shoot a sling bullet. The sling bullet barely misses Sigmund.
Sigmund hits you from afar with a +1 scythe of venom.
You shoot a sling bullet.
The sling bullet hits Sigmund but does no damage.
You shoot a sling bullet. The sling bullet hits Sigmund.
The sling bullet burns Sigmund.
Sigmund is lightly wounded.
Sigmund hits you from afar with a +1 scythe of venom.
You are poisoned.
You shoot a sling bullet. The sling bullet hits Sigmund.
The sling bullet burns Sigmund.
Sigmund is moderately wounded.
You feel very sick.
Sigmund hits you from afar with a +1 scythe of venom.
You are lethally poisoned!
You shoot a sling bullet. The sling bullet hits Sigmund.
The sling bullet burns Sigmund.
Sigmund is heavily wounded.
You feel very sick.
Sigmund hits you from afar with a +1 scythe of venom!
Enter note:
965 ||| READING scroll of teleportation.
As you read the scroll of teleportation, it crumbles to dust.
You feel strangely unstable.
You die...

#.################.# .......# #.#
#.####.### ## #.## ###### ..#
#..... .. #..# #....#
#.###..##### #. ##.# #.##.#
##........ .. #. #.# #.##.#
#..##..######.#@###.# #.##.#
....#.<## #.......#.#####.##.#
........# .#...@%........##.#
........# #.###.###.####.#...#
......).###..##[ #.# #.#...####
................ #.# #.........
.....###.###.######.####.........
.....#;#.#;#...................##
.....#.#\#.#.######.####........#
#....#.#.#.#.######.# ###>..##.#
#.#..###.###......%.# ##### .#


You could see Sigmund.

Vanquished Creatures
  Terence (D:2)
  An adder (D:2)
  A dart slug (D:1)
  2 giant cockroaches (D:1)
  A goblin (D:2)
  2 hobgoblins (D:1)
  7 jackals
  2 quokkas
  A ball python (D:2)
  2 bats (D:1)
  4 frilled lizards
  2 kobolds (D:1)
  2 rats
28 creatures vanquished.

Notes
Turn   | Place    | Note
-------+----------+-------------------------------------------
     0 | D:1      | qw the Minotaur Hexslinger began the quest for the Orb.
     0 | D:1      | Reached XP level 1. HP: 16/16 MP: 1/1
     0 | D:1      | 0 ||| qw: Version: 0.3-a-46-gb1f654a
     0 | D:1      | 0 ||| qw: Game counter: 2025
     0 | D:1      | 0 ||| qw: Melee chars always use a shield: true
     0 | D:1      | 0 ||| qw: God list: Okawaru
     0 | D:1      | 0 ||| qw: Allow faded altars: false
     0 | D:1      | 0 ||| qw: Do Orc after clearing Dungeon:15 true
     0 | D:1      | 0 ||| qw: Do second Lair branch before Depths: true
     0 | D:1      | 0 ||| qw: Lair rune preference: random
     0 | D:1      | 0 ||| qw: Goals: Normal
     0 | D:1      | 0 ||| PLANNING D:1-11
   153 | D:1      | Reached skill level 3 in Ranged Weapons
   153 | D:1      | Reached XP level 2. HP: 23/23 MP: 2/2
   553 | D:1      | 553 ||| READING scroll labelled URIGHOTHRUIWN.
   554 | D:1      | 554 ||| READING scroll labelled ETUTOV BEVVUALI.
   559 | D:1      | 559 ||| DROPPING scroll of poison.
   656 | D:2      | Found Giz Nogg's General Store.
   670 | D:2      | 670 ||| SHOPLISTING +6 ring of dexterity (504 gold, have
                  | 51).
   758 | D:2      | Reached XP level 3. HP: 20/29 MP: 3/3
   818 | D:2      | Found Ubbewn's Book Shoppe.
   818 | D:2      | Noticed a walking earthen tome
   820 | D:2      | Noticed a walking divine tome
   827 | D:2      | 827 ||| DRINKING 2 inky potions.
   843 | D:2      | Noticed Terence
   857 | D:2      | Killed Terence
   858 | D:2      | Reached skill level 4 in Ranged Weapons
   958 | D:2      | Noticed Sigmund
   964 | D:2      | HP: 3/29 [Sigmund/+1 scythe of venom (10)]
   965 | D:2      | 965 ||| READING scroll of teleportation.
   965 | D:2      | Succumbed to Sigmund's poison

Levels and vault maps discovered:
D:1:      mrwooster_arrival_arrow, layout_rooms, minmay_misc_feat_more_columns,
          minmay_misc_feat_rows, dreamdust_mushroom_princess
D:2:      layout_loops_ring, serial_shops, shop, nicolae_shop_mannequins, shop,
          uniq_terence, uniq_sigmund, uniq_natasha

Skill      XL: |  1  2  3 |
---------------+----------+-----
Ranged Weapons | 3 4 |  4.5
Fighting       | 2 |  2.0
Dodging        | |  2.1
Spellcasting   | |  1.0
Hexes          | |  2.0

Action                     || total
---------------------------++-------
   Fire: Sling             ||   111
    Use: Scroll            ||     3
         Potion            ||     1
 Armour: Robe              ||     8
  Dodge: Dodged            ||    33

Table legend:
 A = Non-vault XP
 B = Vault XP
 C = Vault XP percentage of total XP
 D = Non-vault monster count
 E = Vault monster count
 F = Vault count percentage of total count
                 A         B        C        D         E       F
            +---------+---------+-------+---------+---------+-------
      Total |      58 |      36 |  38.3 |      27 |       1 |   3.6
            +---------+---------+-------+---------+---------+-------
        D:1 |      29 |       0 |   0.0 |      16 |       0 |   0.0
        D:2 |      29 |      36 |  55.4 |      11 |       1 |   8.3
            +---------+---------+-------+---------+---------+-------
